 Dungeon Crawl Stone Soup version 0.25-a0-834-g55863b0b92 (webtiles) character file.

Game seed: 5931729607834105537, levelgen mode: deterministic

2688 Lauz the Thaumaturge (level 9, -1/46 HPs)
             Began as a Deep Elf Ice Elementalist on Apr 23, 2020.
             Was a Follower of Sif Muna.
             Slain by a hornet (15 damage)
             ... on level 8 of the Dungeon.
             The game lasted 00:36:26 (11537 turns).

Lauz the Thaumaturge (Deep Elf Ice Elementalist)   Turns: 11537, Time: 00:36:27

Health: -1/46      AC:  3    Str:  5    XL:     9   Next: 38%
Magic:  35/36      EV: 13    Int: 24    God:    Sif Muna [*.....]
Gold:   347        SH:  0    Dex: 15    Spells: 20/32 levels left

rFire    . . .     SeeInvis .   (no weapon)
rCold    . . .     Gourm    .   (no shield)
rNeg     . . .     Faith    .   a - +0 robe
rPois    .         Spirit   .   (no helmet)
rElec    .         Reflect  .   w - +0 cloak
rCorr    .         Harm     .   (no gloves)
MR       .....                  (no boots)
Stlth    ++........             (no amulet)
HPRegen  0.15/turn              j - ring of magical power
MPRegen  0.25/turn              (no ring)

@: lethally poisoned (-1 -> -6), slowed, very slow
A: no striking features
a: Channel Magic, Renounce Religion


You were on level 8 of the Dungeon.
You worshipped Sif Muna.
Sif Muna was aware of your devotion.
You were not hungry.

You visited 2 branches of the dungeon, and saw 9 of its levels.
You also visited: Ossuary.

You collected 347 gold pieces.

Inventory:

Hand Weapons
 b - a +3 dagger of distortion
Armour
 a - a +0 robe (worn)
 w - a +0 cloak (worn)
 x - a +0 robe
Jewellery
 j - a ring of magical power (left hand)
Wands
 o - a wand of paralysis (4)
 r - a wand of random effects (18)
 t - a wand of flame (1)
Scrolls
 d - 4 scrolls of remove curse
 e - 6 scrolls of identify
 g - 5 scrolls of teleportation
 i - 2 scrolls of amnesia {unknown}
 l - a scroll of enchant weapon
 v - 3 scrolls of blinking {unknown}
 y - a scroll of fear {unknown}
 z - a scroll of magic mapping {unknown}
 B - 2 scrolls of immolation {unknown}
Potions
 f - 5 potions of might
 h - a potion of resistance {unknown}
 k - 3 potions of stabbing {unknown}
 m - 2 potions of mutation {unknown}
 n - a potion of haste
 p - a potion of brilliance {unknown}
 q - 3 potions of lignification {unknown}
 s - 2 potions of berserk rage {unknown}
 u - 5 potions of curing {unknown}
 A - a potion of heal wounds {unknown}
Comestibles
 c - 15 rations
 C - 3 chunks of flesh


   Skills:
 + Level 0.6 Fighting
 + Level 3.3 Dodging
 - Level 2.4 Stealth
 * Level 12.4 Spellcasting
 * Level 4.7 Conjurations
 + Level 8.7 Ice Magic
 * Level 0.3 Invocations
 - Level 1.0 Evocations


You had 20 spell levels left.
You knew the following spells:

 Your Spells              Type           Power        Failure   Level  Hunger
a - Freeze                Ice            ####         1%          1    None
b - Frozen Ramparts       Ice            ######       1%          3    None
c - Hailstorm             Conj/Ice       #####...     2%          4    None
d - Summon Ice Beast      Ice/Summ       #####...     7%          4    None

Your spell library contained the following spells:

 Spells                   Type           Power        Failure   Level  Hunger
 Ozocubu's Armour         Chrm/Ice       #####...     1%          3    None
 Beastly Appendage        Tmut           ##....       4%          1    None
 Sticks to Snakes         Tmut           ##......     6%          2    None
 Ice Form                 Ice/Tmut       #####...     7%          4    None
 Spider Form              Tmut/Pois      ##........   12%         3    None
 Blade Hands              Tmut           ##........   75%         5    ###....


Dungeon Overview and Level Annotations

Branches:
Dungeon (8/15)             Temple (1/1) D:6         Ossuary (visited)
   Lair: D:8-11

Altars:
Ashenzari
Cheibriados
Dithmenos
Elyvilon
Fedhas
Gozag
Hepliaklqana
Kikubaaqudgha
Makhleb
Nemelex Xobeh
Okawaru
Qazlal
Ru
Sif Muna
Trog
Uskayaw
Vehumet
Wu Jian
Xom
Yredelemnul
Zin
The Shining One

Annotations:
D:5 Grinder


Message History

The hornet stings you!
You feel yourself slow down. The hornet barely misses you.
Casting: Freeze (safe; 1% risk of failure)
Confirm with . or Enter, or press ? or * to list all spells.
Okay, then.
Evoke which item? (* to show all) (? for menu, Esc to quit)
Aiming: Paralyse
Press: ? - help, Shift-Dir - straight line, f/p - hornet
Aim: a hornet (lightly wounded, chance to defeat MR: 39%)
The hornet resists with some effort.
You feel yourself speed up. The hornet stings you.
You are poisoned.
You feel yourself slow down. The hornet closely misses you.
Evoke which item? (* to show all) (? for menu, Esc to quit)
Aiming: Paralyse
Press: ? - help, Shift-Dir - straight line, f/p - hornet
Aim: a hornet (lightly wounded, chance to defeat MR: 39%)
The hornet resists with some effort.
You feel sick. The hornet stings you!
You die...

#.# #.# #.# ##
### #.# . #..
#.#
#####.#.####.##
......#.#.....#
###.....##.####
......y@...#
##...####### #.


You could see a hornet.

Vanquished Creatures
  Pikel (D:7)
  A hippogriff (D:7)
  2 sky beasts
  An orc warrior (D:7)
  3 black bears
  4 slaves (D:7)
  An ogre (D:7)
  4 centaurs
  Blork the orc (D:6)
  A bullfrog (D:6)
  A crimson imp (D:6)
  A hound (D:4)
  2 centaur zombies (D:7)
  An orc priest (D:4)
  2 gnoll shamans
  An iguana (D:4)
  6 orc wizards
  5 worker ants
  A killer bee zombie (D:6)
  A hound zombie (D:7)
  3 mummies (Ossuary)
  A worker ant zombie (D:6)
  16 gnolls
  11 adders
  2 shadow imps (D:6)
  2 oozes
  An adder zombie (D:5)
  2 worms
  A dart slug (D:1)
  4 leopard geckos
  22 orcs
  2 ball pythons (D:2)
  11 bats
  4 giant cockroaches
  10 goblins
  9 hobgoblins
  A jackal (D:1)
  6 kobolds
  A quokka (D:5)
  7 frilled lizards
  A goblin zombie (Ossuary)
  4 hobgoblin zombies (Ossuary)
  5 kobold zombies (Ossuary)
  A leopard gecko skeleton (D:2)
  9 rats
176 creatures vanquished.

Notes
Turn   | Place    | Note
-------+----------+-------------------------------------------
     0 | D:1      | Lauz the Deep Elf Ice Elementalist began the quest for the
                  | Orb.
     0 | D:1      | Reached XP level 1. HP: 10/10 MP: 6/6
   228 | D:1      | Reached XP level 2. HP: 11/15 MP: 5/8
   493 | D:1      | Reached skill level 5 in Ice Magic
  1192 | D:2      | Reached XP level 3. HP: 19/19 MP: 7/9
  1364 | D:2      | Learned a level 3 spell: Frozen Ramparts
  1937 | D:2      | Reached skill level 4 in Spellcasting
  2038 | D:2      | Reached XP level 4. HP: 24/24 MP: 9/12
  2162 | D:2      | Learned a level 4 spell: Hailstorm
  2629 | D:3      | Reached skill level 5 in Spellcasting
  2861 | D:3      | Reached XP level 5. HP: 24/28 MP: 9/14
  3118 | D:3      | Found a shadowy altar of Dithmenos.
  3398 | D:4      | Reached skill level 6 in Spellcasting
  3615 | D:4      | Reached XP level 6. HP: 32/32 MP: 13/17
  4344 | D:4      | Reached skill level 7 in Spellcasting
  4344 | D:4      | Reached skill level 1 in Conjurations
  4399 | D:5      | Entered Level 5 of the Dungeon
  4400 | D:5      | Noticed a sky beast
  4407 | D:4      | Killed a sky beast
  4869 | D:4      | Reached XP level 7. HP: 28/36 MP: 14/20
  5199 | D:5      | Reached skill level 8 in Spellcasting
  5763 | D:5      | Noticed Grinder
  5987 | D:6      | Reached skill level 9 in Spellcasting
  6424 | D:6      | Found a sand-covered staircase.
  6429 | Ossuary  | Entered an ossuary
  6429 | Ossuary  | Noticed a wraith
  6429 | Ossuary  | Noticed a wraith
  6429 | Ossuary  | Noticed a wraith
  6676 | Ossuary  | Learned a level 4 spell: Summon Ice Beast
  6972 | Ossuary  | Noticed a wraith
  7451 | D:6      | Found an opulent altar of Gozag.
  7568 | D:6      | Found a staircase to the Ecumenical Temple.
  7574 | Temple   | Entered the Ecumenical Temple
  7587 | Temple   | Became a worshipper of Sif Muna the Loreminder
  7658 | D:6      | Reached XP level 8. HP: 41/41 MP: 13/23
  7846 | D:6      | Reached skill level 10 in Spellcasting
  8183 | D:6      | Noticed Blork the orc
  8188 | D:6      | Killed Blork the orc
  9300 | D:7      | Noticed Pikel
  9325 | D:7      | Killed Pikel
  9325 | D:7      | Reached skill level 11 in Spellcasting
  9378 | D:7      | Noticed a hippogriff
  9385 | D:7      | Killed a hippogriff
  9385 | D:7      | Reached XP level 9. HP: 30/46 MP: 14/26
  9990 | D:7      | Found a bloodstained altar of Trog.
 10004 | D:7      | Reached skill level 12 in Spellcasting
 10260 | D:7      | Reached skill level 1 in Evocations
 10266 | D:7      | Reached * piety under Sif Muna
 11537 | D:8      | Slain by a hornet

Levels and vault maps discovered:
D:1:      dpeg_arrival_brainrot, layout_loops_corners, hangedman_decor_riveting
D:2:      layout_basic
D:3:      layout_basic, nicolae_dithmenos_through_a_glass_darkly, first_ration
D:4:      layout_loops_ring
D:5:      layout_loops_cross, uniq_grinder
D:6:      layout_basic, minmay_temple_entry_hall, enter_ossuary_5, basic_altar,
          hangedman_abyss_or_decor_passed, uniq_blork_the_orc
D:7:      layout_layer_cave, trog_ov_bears_minmay, uniq_pikel
D:8:      minmay_skewed_foursquare, layout_basic, uniq_erica
Temple:   grunt_wide_crystal_templ

Skill      XL: |  1  2  3  4  5  6  7  8  9 |
---------------+----------------------------+-----
Ice Magic      | 5 6 7 8 |  8.7
Spellcasting   | 4 5 6 7 9 11 12 | 12.4
Conjurations   | 1 2 4 |  4.7
Dodging        | 3 |  3.3
Evocations     | 1 |  1.0
Fighting       | |  0.6
Stealth        | |  2.4
Invocations    | |  0.3

Action                   |  1- 3 |  4- 6 |  7- 9 || total
-------------------------+-------+-------+-------++-------
Melee: Unarmed           |     1 |       |       ||     1
 Cast: Freeze            |    51 |    49 |   146 ||   246
       Frozen Ramparts   |     5 |    19 |    37 ||    61
       Hailstorm         |       |       |    40 ||    40
Evoke: Wand              |       |       |    15 ||    15
  Use: Scroll            |       |     3 |     5 ||     8
  Eat: Chunk             |     3 |     9 |    15 ||    27
       Ration            |       |       |     2 ||     2
Armor: Robe              |     5 |     3 |    13 ||    21
Dodge: Dodged            |    26 |    17 |    97 ||   140

Table legend:
 A = Non-vault XP
 B = Vault XP
 C = Vault XP percentage of total XP
 D = Non-vault monster count
 E = Vault monster count
 F = Vault count percentage of total count
                 A         B        C        D         E       F
            +---------+---------+-------+---------+---------+-------
      Total |    2852 |     988 |  25.7 |     154 |      18 |  10.5
            +---------+---------+-------+---------+---------+-------
        D:1 |      37 |       2 |   5.1 |      22 |       1 |   4.3
        D:2 |     108 |       0 |   0.0 |      32 |       0 |   0.0
        D:3 |      77 |       0 |   0.0 |      17 |       0 |   0.0
        D:4 |     516 |       0 |   0.0 |      23 |       0 |   0.0
        D:5 |     347 |       0 |   0.0 |       9 |       0 |   0.0
        D:6 |     784 |      94 |  10.7 |      19 |       1 |   5.0
        D:7 |     888 |     828 |  48.3 |      27 |       3 |  10.0
        D:8 |      95 |       0 |   0.0 |       5 |       0 |   0.0
    Ossuary |       0 |      64 | 100.0 |       0 |      13 | 100.0
            +---------+---------+-------+---------+---------+-------
